 Dungeon Crawl Stone Soup version 0.27.1-3-gb3d3a73c9e (webtiles) character file.

Game seed: 2551803236617019741

259 TNOPE the Skirmisher (level 6, -3/48 HPs)
             Began as a Human Berserker on Oct 17, 2021.
             Was a Believer of Trog.
             Slain by a necrophage (5 damage)
             ... on level 4 of the Dungeon.
             The game lasted 00:30:07 (3737 turns).

TNOPE the Skirmisher (Human Berserker)              Turns: 3737, Time: 00:30:08

Health: -3/48      AC:  8    Str: 19    XL:     6   Next: 40%
Magic:  0/6        EV: 11    Int:  7    God:    Trog [**....]
Gold:   115        SH:  0    Dex: 13    Spells: 5/5 levels left

rFire    + . .     SeeInvis .   f - +1 morningstar
rCold    x . .     Faith    .   (no shield)
rNeg     + . .     Spirit   +   g - +1 ring mail
rPois    .         Reflect  .   n - +2 hat of the Bear Spirit {Spirit, +Rage rN+ Will++}
rElec    .         Harm     .   (no cloak)
rCorr    .         Rampage  .   (no gloves)
Will     ++++.                  (no boots)
Stlth    +.........             (no amulet)
HPRegen  1.16/turn              l - ring of fire
MPRegen  0.10/turn              (no ring)

@: lethally poisoned (-3 -> -4), strong-willed, on berserk cooldown,
regenerating, slowed, very slow
A: no striking features
a: Renounce Religion, Evoke Berserk Rage, Berserk, Trog's Hand


You were on level 4 of the Dungeon.
You worshipped Trog.
Trog was pleased with you.
You visited 1 branch of the dungeon, and saw 4 of its levels.

You collected 115 gold pieces.

Inventory:

Hand Weapons
 a - a +0 falchion
 e - a +0 hand axe
 f - a +1 morningstar (weapon)
 h - a +0 hand axe
 i - a +0 flail
 m - a +0 flail
 o - a +0 halberd
Missiles
 j - 2 throwing nets (quivered)
 q - 7 javelins
Armour
 b - a +0 animal skin
 g - a +1 ring mail (worn)
 n - the +2 hat of the Bear Spirit (worn) {Spirit, +Rage rN+ Will++}
   (You found it on level 4 of the Dungeon)

   rN:        It protects you from negative energy.
   +Rage:     It lets you go berserk.
   Will:      It greatly increases your willpower.
Jewellery
 l - a ring of fire (left hand)
Scrolls
 c - 2 scrolls of blinking
 d - 2 scrolls of identify
 k - a scroll of teleportation


   Skills:
 + Level 4.0 Fighting
 - Level 3.4 Long Blades
 + Level 3.2 Maces & Flails
 + Level 3.3 Armour
 + Level 2.8 Dodging


You had 5 spell levels left.
You didn't know any spells.
Your spell library contained the following spells:

 Spells                   Type           Power      Damage    Failure   Level
 Manifold Assault         Tloc           0%         N/A       100%        5
 Yara's Violent Unravell  Hex/Tmut       0%         3d3       100%        5
 Dispersal                Tloc           0%         N/A       100%        6


Dungeon Overview and Level Annotations

Branches:
Dungeon (4/15)
 Temple: D:4-7

Altars:


Message History

You are exhausted.
You feel yourself slow down. The gnoll hits you with a +0 halberd.
You see here a jackal corpse.
You completely miss the gnoll.
The gnoll hits you but does no damage. x2
You hit the gnoll.
The gnoll is lightly wounded.
The gnoll closely misses you. x2
You hit the gnoll but do no damage.
The gnoll is lightly wounded.
The gnoll barely misses you. The gnoll closely misses you.
You hit the gnoll.
The gnoll is heavily wounded.
The gnoll barely misses you. The gnoll closely misses you.
You barely miss the gnoll.
The gnoll is heavily wounded.
The gnoll hits you with a +0 halberd! The gnoll hits you with a +0 halberd.
* * * LOW HITPOINT WARNING * * *
As you read the scroll of teleportation, it crumbles to dust.
You feel strangely unstable. The gnoll hits you with a +0 halberd.
* * * LOW HITPOINT WARNING * * *
The gnoll hits you with a +0 halberd!
* * * LOW HITPOINT WARNING * * *
Unknown command.
The gnoll barely misses you.
Your surroundings suddenly seem different.
An adder and a necrophage come into view.
Found a scroll labelled ZAYJOU LOEJOIGG and a potion of attraction.
The adder hisses angrily.
The adder barely misses you. The adder bites you.
* * * LOW HITPOINT WARNING * * *
You are lethally poisoned!
The adder poisons you!
Your skin crawls.
You feel strong-willed.
* * * LOW HITPOINT WARNING * * *
You feel sick. The adder closely misses you. The necrophage barely misses you.
The adder completely misses you.
You feel sick. The adder closely misses you.
The adder bites you but does no damage. The necrophage hits you.
You die...

#.##.......
#.# ).....
#.# #.#
.##### #.#
... #.# #.#
######.# .
....#.#
...##...##
#.....@.#
###...nS#
##......#
#......#
#.?...!#
####...#
...# ...#
...#


You could see a necrophage and an adder.

Vanquished Creatures
  A phantom (D:3)
  A bullfrog (D:3)
  6 gnolls
  An adder (D:2)
  A worm (D:3)
  An orc (D:2)
  5 ball pythons
  An endoplasm (D:3)
  A giant cockroach (D:1)
  4 goblins
  2 hobgoblins
  7 jackals
  3 quokkas
  6 bats
  3 frilled lizards
  4 kobolds
  8 rats
55 creatures vanquished.

Notes
Turn   | Place    | Note
-------+----------+-------------------------------------------
     0 | D:1      | TNOPE the Human Berserker began the quest for the Orb.
     0 | D:1      | Reached XP level 1. HP: 18/18 MP: 1/1
   288 | D:1      | Reached XP level 2. HP: 21/24 MP: 2/2
  1195 | D:2      | Reached XP level 3. HP: 26/29 MP: 3/3
  2373 | D:3      | Reached XP level 4. HP: 26/35 MP: 4/4
  2463 | D:3      | Reached skill level 1 in Maces & Flails
  2516 | D:3      | Reached ** piety under Trog
  2518 | D:3      | Noticed a bullfrog
  2531 | D:3      | Killed a bullfrog
  2532 | D:3      | Reached XP level 5. HP: 29/42 MP: 5/5
  2672 | D:3      | Found a faded altar of an unknown god.
  2859 | D:3      | Got the Volume of Quantum Malediction
  3241 | D:3      | Noticed a phantom
  3249 | D:3      | Killed a phantom
  3250 | D:3      | Reached XP level 6. HP: 42/48 MP: 6/6
  3530 | D:4      | Found the +2 hat of the Bear Spirit {Spirit, +Rage rN+
                  | Will++}
  3572 | D:4      | Reached skill level 4 in Fighting
  3733 | D:4      | HP: 2/48 [gnoll (8)]
  3735 | D:4      | Noticed a necrophage
  3737 | D:4      | Slain by a necrophage

Illustrated notes

Levels and vault maps discovered:
D:1:      eino_arrival_cavern_a, layout_loops_corners
D:2:      layout_loops_cross, bh_walls_and_bars
D:3:      minmay_inner_zag, layout_basic, chequers_ecumenical_altar_simple
D:4:      layout_rooms

Skill      XL: |  1  2  3  4  5  6 |
---------------+-------------------+-----
Maces & Flails | 1 3 |  3.2
Armour         | 3 |  3.3
Fighting       | 4 |  4.0
Long Blades    | |  3.4
Dodging        | |  2.8

Action                   |  1- 3 |  4- 6 || total
-------------------------+-------+-------++-------
Melee: Falchion          |    59 |       ||    59
       Morningstar       |    64 |    91 ||   155
Invok: Berserk           |     1 |     1 ||     2
       Trog's Hand       |       |     1 ||     1
  Use: Scroll            |     5 |     4 ||     9
       Potion            |     3 |     2 ||     5
Armor: Animal skin       |     1 |       ||     1
       Ring mail         |    52 |    40 ||    92
Dodge: Dodged            |    83 |    87 ||   170
       Rpst.: Falchion   |    10 |       ||    10
